 Dungeon Crawl Stone Soup version 0.20.1-1-g8b1a95d66d (webtiles) character file.

228 QueTanthalas the Grave Robber (level 5, 0/35 HPs)
             Began as a Mummy Necromancer on Nov 25, 2017.
             Was a Follower of Sif Muna.
             Slain by an iguana (10 damage)
             ... on level 4 of the Dungeon.
             The game lasted 01:00:07 (7921 turns).

QueTanthalas the Grave Robber (Mummy Necromancer)   Turns: 7921, Time: 01:00:08

Health: 0/35       AC:  5    Str: 11    XL:     5   Next: 71%
Magic:  5/12       EV: 12    Int: 15    God:    Sif Muna [*.....]
Gold:   274        SH:  0    Dex: 13    Spells: 4/13 levels left

rFire    x . .     SeeInvis .   j - -3 hand axe (curse)
rCold    + + .     Gourm    .   (no shield)
rNeg     + + +     Faith    .   m - +0 robe
rPois    ∞         Spirit   .   s - +0 helmet
rElec    .         Reflect  .   (no cloak)
rCorr    .         Harm     .   h - +1 pair of gloves
MR       .....                  (no boots)
Stlth    ++........             (no amulet)
Regen    0.2/turn               d - ring of protection from cold
MPRegen  0.2/turn               (no ring)

@: no status effects
A: no food or potions, fire vulnerability, cold resistance 1, negative energy
resistance 3, torment resistance, unbreathing
a: Divine Energy, Renounce Religion


You were on level 4 of the Dungeon.
You worshipped Sif Muna.
Sif Muna was aware of your devotion.
You were not hungry.

You visited 2 branches of the dungeon, and saw 5 of its levels.

You collected 274 gold pieces.

Inventory:

Hand Weapons
 f - a +3 dagger
 i - a +1 short sword
 j - a cursed -3 hand axe (weapon)
 k - a +2 whip of draining
Missiles
 l - 32 arrows
Armour
 h - a +1 pair of gloves (worn)
 m - a +0 robe (worn)
 n - a +0 animal skin
 o - a +0 helmet
 s - a +0 helmet (worn)
Jewellery
 d - a ring of protection from cold (left hand)
Wands
 c - a wand of polymorph (8/24)
Scrolls
 a - a scroll of identify
 e - 2 scrolls of teleportation
 g - a scroll of immolation
Books
 b - a book of Necromancy

   Spells                             Type                      Level
   a - Pain                           Necromancy                   1
   b - Animate Skeleton               Necromancy                   1
   c - Vampiric Draining              Necromancy                   3
   d - Regeneration                   Charms/Necromancy            3
   e - Animate Dead                   Necromancy                   4
   f - Control Undead                 Necromancy                   4
 p - a book of Conjurations

   Spells                             Type                      Level
   a - Magic Dart                     Conjuration                  1
   b - Searing Ray                    Conjuration                  2
   c - Dazzling Spray                 Conjuration/Hexes            3
   d - Fulminant Prism                Conjuration/Hexes            4
   e - Force Lance                    Conjuration/Translocation    4
   f - Iskenderun's Mystic Blast      Conjuration                  4


   Skills:
 + Level 0.2 Fighting
 + Level 0.1 Short Blades
 + Level 2.2 Dodging
 + Level 1.9 Stealth
 + Level 0.4 Unarmed Combat
 + Level 4.8 Spellcasting
 + Level 5.4 Necromancy


You had 4 spell levels left.
You knew the following spells:

 Your Spells              Type           Power        Failure   Level  Hunger
a - Pain                  Necr           ###.         1%          1    N/A
b - Animate Skeleton      Necr           N/A          1%          1    N/A
c - Vampiric Draining     Necr           ###.......   5%          3    N/A
d - Animate Dead          Necr           N/A          17%         4    N/A

Dungeon Overview and Level Annotations

Branches:
Dungeon (4/15)             Temple (1/1) D:4

Altars:
Ashenzari
Cheibriados
Dithmenos
Fedhas
Hepliaklqana
Okawaru
Qazlal
Ru
Sif Muna
Trog
Uskayaw
Vehumet
Zin
The Shining One

Annotations:
D:3 ShornTheSheep's ghost, amateur GrBe
D:4 tehanu's ghost, amateur KoBe


Innate Abilities, Weirdness & Mutations

You do not eat or drink.
Your flesh is vulnerable to fire.
You are immune to poison.
Your flesh is cold resistant. (rC+)
You are immune to negative energy. (rN+++)
You are immune to unholy pain and torment.
You can survive without breathing.


Message History

* * * LOW HITPOINT WARNING * * *
As you read the scroll of teleportation, it crumbles to dust.
You feel strangely unstable. The bullfrog skeleton hits you.
* * * LOW HITPOINT WARNING * * *
Your surroundings suddenly seem different.
Tehanu's ghost turns its malevolent gaze towards you.
An iguana comes into view.
The iguana moves out of view.
Casting: Pain
Confirm with . or Enter, or press ? or * to list all spells.
You call on the dead to rise...
Nothing appears to happen.
The iguana hisses angrily.
Casting: Animate Dead
Confirm with . or Enter, or press ? or * to list all spells.
Aiming: Vampiric Draining
Press: ? - help, Shift-Dir - straight line, f - iguana
Aim: an iguana The iguana is severely wounded.
You feel life coursing into your body. The iguana bites you!
You die...

##.....#.# ##.......##
###.#.### #.......# ##.....##
#........ ###.##### ##...##
#.#.#..## #.# ######+#*
#.#.#..# #.# #...##.# #.#.#..#
#.# #...##.# #.#.#..#
###.######...##.### #.#.##.#
#...Z.........l...# #.#.##.##
#.#.##........@...# #.#......
#.#.##.....[......# #......##
#.#..........##..###########.#
#......###...##..............#
######## #...##.##############
######.# #.# #.#
#.#############


You could see an iguana.

Vanquished Creatures
  An orc wizard (D:3)
  Robin (D:4)
  5 adders
  3 worms
  3 dart slugs
  A leopard gecko (D:4)
  14 orcs
  11 bats
  6 giant cockroaches
  14 goblins
  11 hobgoblins
  2 jackals (D:4)
  3 quokkas
  A ball python (D:1)
  5 frilled lizards
  3 kobolds
  10 rats
94 creatures vanquished.

Vanquished Creatures (collateral kills)
  An ooze (D:1)
  2 worms
  A bat (D:1)
  3 goblins (D:1)
  A frilled lizard (D:1)
  A rat (D:2)
9 creatures vanquished.

Vanquished Creatures (others)
  An orc wizard (D:3)
1 creature vanquished.

Grand Total: 104 creatures vanquished

Notes
Turn   | Place    | Note
-------+----------+-------------------------------------------
     0 | D:1      | QueTanthalas the Mummy Necromancer began the quest for the Orb.
     0 | D:1      | Reached XP level 1. HP: 13/13 MP: 4/4
     2 | D:1      | Learned a level 1 spell: Animate Skeleton
   550 | D:1      | Reached XP level 2. HP: 19/19 MP: 2/5
  1695 | D:1      | Reached XP level 3. HP: 17/24 MP: 0/7
  1949 | D:2      | Learned a level 3 spell: Vampiric Draining
  2904 | D:2      | Reached XP level 4. HP: 24/30 MP: 4/9
  3090 | D:2      | Found a deep blue altar of Sif Muna.
  3096 | D:2      | Became a worshipper of Sif Muna the Loreminder
  3152 | D:2      | Learned a level 4 spell: Animate Dead
  3392 | D:3      | Noticed ShornTheSheep's ghost (amateur GrBe)
  4358 | D:3      | Found a hazy altar of Hepliaklqana.
  4778 | D:3      | Reached skill level 5 in Necromancy
  5720 | D:3      | Reached XP level 5. HP: 23/35 MP: 3/11
  6432 | D:4      | Noticed Robin
  6678 | D:4      | Killed Robin
  6681 | D:4      | Reached * piety under Sif Muna
  6696 | D:4      | Noticed tehanu's ghost (amateur KoBe)
  7135 | D:4      | Found a glowing silver altar of Zin.
  7328 | D:4      | Found a staircase to the Ecumenical Temple.
  7336 | Temple   | Entered the Ecumenical Temple
  7794 | D:4      | Found an iron altar of Okawaru.
  7794 | D:4      | Found a hide-covered altar of Uskayaw.
  7889 | D:4      | HP: 1/35 [bullfrog skeleton (1)]
  7921 | D:4      | Slain by an iguana

Skill      XL: |  1  2  3  4 |
---------------+-------------+-----
Spellcasting   | 3 4 |  4.8
Necromancy     | 5 |  5.4
Dodging        | 2 |  2.2
Fighting       | |  0.2
Short Blades   | |  0.1
Stealth        | |  1.9
Unarmed Combat | |  0.4

Action                   |  1- 3 |  4- 6 || total
-------------------------+-------+-------++-------
Melee: Unarmed           |    52 |       ||    52
       Short sword       |    32 |    62 ||    94
       Hand axe          |       |   118 ||   118
 Cast: Pain              |    54 |   106 ||   160
       Animate Skeleton  |    12 |    12 ||    24
       Animate Dead      |       |     9 ||     9
       Vampiric Draining |       |     2 ||     2
Evoke: Wand              |       |     2 ||     2
  Use: Scroll            |     7 |     5 ||    12
 Stab: Sleeping          |       |     2 ||     2
       Distracted        |       |     1 ||     1
Armor: Robe              |    35 |    57 ||    92
Dodge: Dodged            |   102 |   127 ||   229
